 Dungeon Crawl Stone Soup version 0.27-a0-679-g77a6b55cf3 (webtiles) character file.

Game seed: 4257670701311125055

397 Demosthentine the Poker (level 6, 0/48 HPs)
             Began as a Merfolk Gladiator on Mar 18, 2021.
             Was an Initiate of the Shining One.
             Slain by Edmund
             ... wielding a +6 vorpal dire flail
              (6 damage)
             ... on level 4 of the Dungeon.
             The game lasted 00:03:58 (4513 turns).

Demosthentine the Poker (Merfolk Gladiator)         Turns: 4513, Time: 00:03:59

Health: 0/48       AC:  6    Str: 16    XL:     6   Next: 83%
Magic:  6/6        EV: 14    Int:  7    God:    the Shining One [......]
Gold:   142        SH:  0    Dex: 16    Spells: 5/5 levels left

rFire    + . .     SeeInvis .   a - +0 trident
rCold    . . .     Faith    .   (no shield)
rNeg     . . .     Spirit   .   b - +0 leather armour
rPois    .         Reflect  .   c - +0 helmet
rElec    .         Harm     .   l - +0 cloak
rCorr    .         Rampage  .   k - +0 pair of gloves
Will     .....                  (no boots)
Stlth    +.........             (no amulet)
HPRegen  0.16/turn              h - ring of protection from fire
MPRegen  0.10/turn              (no ring)

@: glowing
A: (nimble swimmer 2), mertail
a: Renounce Religion


You were on level 4 of the Dungeon.
You worshipped the Shining One.
The Shining One was noncommittal.
You visited 2 branches of the dungeon, and saw 5 of its levels.

You collected 142 gold pieces.

Inventory:

Hand Weapons
 a - a +0 trident (weapon)
Missiles
 d - 2 throwing nets (quivered)
Armour
 b - a +0 leather armour (worn)
 c - a +0 helmet (worn)
 k - a +0 pair of gloves (worn)
 l - a +0 cloak (worn)
Jewellery
 h - a ring of protection from fire (right hand)
 m - a +4 ring of protection
Scrolls
 g - a scroll of immolation {unknown}
 i - a scroll of magic mapping
 j - a scroll of holy word
 o - a scroll of teleportation
Potions
 e - a potion of mutation
 n - a potion of might


   Skills:
 + Level 4.3 Fighting
 + Level 6.5 Polearms
 - Level 2.0 Throwing
 + Level 2.2 Armour
 + Level 5.9 Dodging


You had 5 spell levels left.
You didn't know any spells.
Your spell library contained the following spells:

 Spells                   Type           Power      Damage    Failure   Level
 Corona                   Hex            0%         N/A       50%         1
 Ensorcelled Hibernation  Hex/Ice        0%         N/A       65%         2
 Confusing Touch          Hex            0%         N/A       86%         3
 Dazzling Flash           Conj/Hex       0%         N/A       86%         3
 Gell's Gravitas          Tloc           0%         N/A       86%         3
 Tukima's Dance           Hex            0%         N/A       86%         3
 Petrify                  Tmut/Erth      0%         N/A       99%         4
 Metabolic Englaciation   Hex/Ice        0%         N/A       100%        5
 Yara's Violent Unravell  Hex/Tmut       0%         3d3       100%        5


Dungeon Overview and Level Annotations

Branches:
Dungeon (4/15)             Temple (1/1) D:4

Altars:
Ashenzari
Cheibriados
Dithmenos
Elyvilon
Fedhas
Kikubaaqudgha
Nemelex Xobeh
Okawaru
Qazlal
Trog
Uskayaw
Vehumet
Wu Jian
Xom
Yredelemnul
Zin
The Shining One

Shops:
D:3 [

Annotations:
D:4 Edmund


Innate Abilities, Weirdness & Mutations

((You are quick and stealthy while swimming. (Stealth+, EV+, Speed+++)))
Your lower body shifts to a powerful aquatic tail in water.


Message History

Edmund hits you with a +6 vorpal dire flail!
You are too injured to fight recklessly!
You are too injured to fight recklessly!
You are too injured to fight recklessly!
You are too injured to fight recklessly!
Throw: 3 throwing nets
Press: ? - help, Q - select action Shift-Dir - straight line, f/p - Edmund
Aim: Edmund, wielding a +6 vorpal dire flail, wearing a +0 scale mail and quivering a throwing net (moderately wounded, 66% to hit)
You throw a throwing net. The throwing net hits Edmund.
Edmund is caught in the net!
Edmund is moderately wounded.
Edmund struggles against the net.
You hit Edmund but do no damage.
Edmund is moderately wounded.
Edmund struggles against the net.
You hit Edmund.
Edmund is moderately wounded.
Edmund struggles against the net.
You puncture Edmund!
Edmund is heavily wounded.
Edmund drinks a potion.
Edmund is healed!
Edmund struggles against the net.
You hit Edmund.
Edmund is heavily wounded.
You hit Edmund.
Edmund is heavily wounded.
Edmund struggles against the net.
You puncture Edmund!
Edmund is severely wounded.
You hit Edmund but do no damage.
Edmund is severely wounded.
Edmund struggles against the net.
The net rips apart, and Edmund comes free!
You hit Edmund.
Edmund is almost dead.
Edmund hits you with a +6 vorpal dire flail!!
* * * LOW HITPOINT WARNING * * *
x2 You barely miss Edmund.
Edmund is almost dead.
Edmund hits you with a +6 vorpal dire flail.
You die...

.........####.#.#(.....
....................#...
....#....#.###.#........
.......
#.#.#.########### ......
#.#'#.#.........+
......##....##.##.##.###
......!...(.#.........#.
........................
......@@.#..#..⌠...⌠..#.
............#.........#.
.................>......
............#.........#.
............#..⌠...⌠..#.
........................
#'#####..####.........#.
#. ..>. ##.##.##.##. #..
#....#


You could see Edmund.

Vanquished Creatures
  An ogre (D:4)
  A scorpion (D:3)
  2 orc priests
  An iguana (D:4)
  6 adders
  An ooze (D:4)
  A worm (D:2)
  2 dart slugs
  2 leopard geckos (D:3)
  14 orcs
  9 bats
  6 giant cockroaches
  8 goblins
  10 hobgoblins
  2 jackals (D:2)
  10 kobolds
  3 quokkas
  3 ball pythons
  6 frilled lizards
  8 rats
96 creatures vanquished.

Vanquished Creatures (others)
  An orc (D:3)
1 creature vanquished.

Grand Total: 97 creatures vanquished

Notes
Turn   | Place    | Note
-------+----------+-------------------------------------------
     0 | D:1      | Demosthentine the Merfolk Gladiator began the quest for the
                  | Orb.
     0 | D:1      | Reached XP level 1. HP: 16/16 MP: 1/1
   150 | D:1      | Reached XP level 2. HP: 23/23 MP: 2/2
   670 | D:1      | Reached XP level 3. HP: 28/28 MP: 3/3
  1170 | D:2      | Reached skill level 5 in Polearms
  1303 | D:2      | Found a blossoming altar of Fedhas.
  1619 | D:2      | Reached skill level 1 in Armour
  1934 | D:3      | Reached XP level 4. HP: 19/35 MP: 4/4
  2338 | D:3      | Found a snail-covered altar of Cheibriados.
  2341 | D:3      | Found a basalt altar of Yredelemnul.
  2366 | D:3      | Found a bloodstained altar of Trog.
  2395 | D:3      | Reached skill level 5 in Dodging
  2694 | D:3      | Reached XP level 5. HP: 41/41 MP: 5/5
  2715 | D:3      | Found Piupub's Antique Armour Emporium.
  3409 | D:3      | Reached skill level 6 in Polearms
  3409 | D:3      | Reached XP level 6. HP: 41/48 MP: 6/6
  3496 | D:3      | Found a stormy altar of Qazlal.
  3826 | D:4      | Found a broken altar of Ashenzari.
  3830 | D:4      | Noticed Edmund
  4332 | D:4      | Found a staircase to the Ecumenical Temple.
  4369 | Temple   | Entered the Ecumenical Temple
  4471 | Temple   | Became a worshipper of the Shining One
  4513 | D:4      | Slain by Edmund

Illustrated notes

Levels and vault maps discovered:
D:1:      lightli_arrival_noodles, layout_loops_ring, minivault_27,
          kennysheep_minor_cross, dk_noncrumbling_4
D:2:      layout_loops_ring, lemuel_doored_altar
D:3:      layout_basic, general_overflow_altar,
          gammafunk_temple_overflow_forgotten, serial_shops,
          nicolae_shop_behind_doors, minmay_joined_circles
D:4:      layout_basic, lemuel_coloured_pillars_altar,
          nicolae_overflow_hidden_temple, minmay_temple_entry_large_hall,
          uniq_sigmund, uniq_edmund
Temple:   jpeg_temple_clearing

Skill      XL: |  1  2  3  4  5  6 |
---------------+-------------------+-----
Polearms       | 5 6 |  6.5
Armour         | 1 2 |  2.2
Fighting       | 3 4 |  4.3
Dodging        | 5 |  5.9
Throwing       | |  2.0

Action                   |  1- 3 |  4- 6 || total
-------------------------+-------+-------++-------
Melee: Trident           |   134 |   195 ||   329
Throw: Throwing net      |       |     1 ||     1
  Use: Scroll            |     2 |     6 ||     8
       Potion            |       |     2 ||     2
 Stab: Sleeping          |     5 |     1 ||     6
       Distracted        |     1 |       ||     1
Armor: Leather armour    |    17 |    29 ||    46
Dodge: Dodged            |    59 |    99 ||   158

Table legend: (Time is in decaauts)
 A = Elapsed time spent in this place.
 B = Non-inter-level travel time spent in this place.
 C = Inter-level travel time spent in this place.
 D = Time resting spent in this place.
 E = Time spent auto-exploring this place.
 F = Levels seen in this place.
 G = Mean time per level.
                   A        B        C        D        E       F      G
               +--------+--------+--------+--------+--------+-----+--------+
         Total |   4519 |   4436 |     83 |    589 |   3208 |   5 |  903.8 |
       Dungeon |   4401 |   4319 |     82 |    589 |   3133 |   4 | 1100.2 |
        Temple |    117 |    117 |      0 |      0 |     75 |   1 |  117.0 |
               +--------+--------+--------+--------+--------+-----+--------+

Top non-repeatable levels by time:
     D:3: 1716 daAuts
     D:1: 986 daAuts
     D:2: 881 daAuts
     D:4: 817 daAuts
  Temple: 117 daAuts
